 Dungeon Crawl Stone Soup version 0.30-a0-42-g806c11bf1d (webtiles) character file.

Game seed: 14293781065641281892

11076 BritishOli the Fighter (level 11, -19/100 HPs)
             Began as a Demonspawn Fighter on Aug 30, 2022.
             Was a High Priest of Makhleb.
             Demolished by an enormous slime creature (71 damage)
             ... on level 12 of the Dungeon.
             The game lasted 00:22:51 (8652 turns).

BritishOli the Fighter (Demonspawn Fighter)         Turns: 8652, Time: 00:22:52

Health: -19/100    AC: 18    Str: 29    XL:     11   Next: 44%
Magic:  11/11      EV: 13    Int:  9    God:    Makhleb [*****.]
Gold:   674        SH:  0    Dex: 14    Spells: 9/10 levels left

rFire   . . .      SeeInvis .    v - +10 quarterstaff of Prudence {spect, Str+3}
rCold   . . .      Faith    .    (shield currently unavailable)
rNeg    . . .      Spirit   .    W - +0 plate armour
rPois   .          Reflect  .    M - +0 hat
rElec   .          Harm     .    G - +0 cloak
rCorr   .          Rampage  .    V - +2 pair of gloves
Will    .....                    (no boots)
Stlth   ..........               f - amulet of regeneration
HPRegen 1.06/turn                H - ring "Vololoj" {+Blink Str+6}
MPRegen 0.12/turn                y - +4 ring of evasion

@: no status effects
A: claws 1, foul stench 2, powered by death 1, sturdy frame 2
a: Renounce Religion, Evoke Blink, Minor Destruction, Lesser Servant of Makhleb,
Major Destruction, Greater Servant of Makhleb


You were on level 12 of the Dungeon.
You worshipped Makhleb.
Makhleb was extremely pleased with you.
You visited 2 branches of the dungeon, and saw 13 of its levels.

You collected 674 gold pieces.

Inventory:

Hand Weapons
 a - a +0 long sword
 v - the +10 quarterstaff of Prudence (weapon) {spect, Str+3}
   (You found it on level 3 of the Dungeon)

   When its wielder attacks, the weapon's spirit leaps out and strikes again.
   The spirit shares a part of any damage it takes with its wielder.
   Str:       It affects your strength (+3).
 B - the +5 trident of Objectivity {speed, rElec}
   (You found it on level 5 of the Dungeon)

   Attacks with this weapon are significantly faster.
   rElec:     It insulates you from electricity.
Missiles
 I - 12 boomerangs (quivered)
Armour
 b - a +0 scale mail
 c - a +0 buckler
 G - a +0 cloak (worn)
 M - a +0 hat (worn)
 V - a +2 pair of gloves (worn)
 W - a +0 plate armour (worn)
Jewellery
 f - an amulet of regeneration (around neck)
 u - a ring of protection from cold
 y - a +4 ring of evasion (right hand)
 H - the ring "Vololoj" (left hand) {+Blink Str+6}
   (You found it on level 6 of the Dungeon)

   [ring of strength]

   Str:       It affects your strength (+6).
   +Blink:    It lets you blink.
 Q - an amulet of guardian spirit
 S - an amulet of magic regeneration
Wands
 z - a wand of acid (8)
 A - a wand of polymorph (9)
 C - a wand of iceblast (6)
 D - a wand of flame (26)
 N - a wand of paralysis (7)
 T - a wand of digging (9)
 X - a wand of mindburst (10)
Scrolls
 h - 5 scrolls of teleportation
 i - 5 scrolls of enchant armour {unknown}
 l - 12 scrolls of identify
 n - a scroll of poison {unknown}
 o - 2 scrolls of noise {unknown}
 p - 2 scrolls of enchant weapon {unknown}
 q - 5 scrolls of vulnerability {unknown}
 t - a scroll of amnesia {unknown}
 x - 2 scrolls of butterflies {unknown}
 E - 4 scrolls of immolation {unknown}
 K - a scroll of blinking {unknown}
 P - a scroll of fear {unknown}
 U - a scroll of magic mapping {unknown}
Potions
 d - 7 potions of might
 e - 6 potions of heal wounds
 g - 5 potions of brilliance
 j - 6 potions of flight {unknown}
 k - 2 potions of magic {unknown}
 m - 2 potions of attraction {unknown}
 r - a potion of invisibility {unknown}
 s - 9 potions of curing {unknown}
 w - a potion of resistance {unknown}
 F - a potion of ambrosia {unknown}
 J - 2 potions of mutation {unknown}
 L - 2 potions of degeneration {unknown}
 O - a potion of berserk rage {unknown}
 R - a potion of lignification {unknown}


   Skills:
 * Level 14.2 Fighting
 - Level 2.7 Long Blades
 - Level 6.0 Staves
 + Level 8.8 Armour
 - Level 3.4 Shields


You had 9 spell levels left.
You knew the following spells:

 Your Spells              Type           Power      Damage    Failure   Level
a - Beastly Appendage     Tmut           0%         N/A       82%         1

Your spell library contained the following spells:

 Spells                   Type           Power      Damage    Failure   Level
 Magic Dart               Conj           0%         1d3       82%         1
 Summon Small Mammal      Summ           0%         N/A       82%         1
 Call Imp                 Summ           0%         N/A       91%         2
 Wereblood                Tmut           0%         N/A       91%         2
 Call Canine Familiar     Summ           0%         N/A       99%         3
 Mephitic Cloud           Conj/Pois/Air  0%         N/A       99%         3
 Spider Form              Tmut/Pois      0%         N/A       99%         3
 Summon Guardian Golem    Hex/Summ       0%         N/A       99%         3


Dungeon Overview and Level Annotations

Branches:
Dungeon (12/15)            Temple (1/1) D:7            Lair (0/5) D:11
    Orc (0/2) D:11

Altars:
Ashenzari
Cheibriados
Dithmenos
Fedhas
Gozag
Hepliaklqana
Kikubaaqudgha
Makhleb
Nemelex Xobeh
Okawaru
Qazlal
Ru
Sif Muna
Trog
Uskayaw
Vehumet
Wu Jian
Xom
Yredelemnul

Shops:
D:2 ?   D:5 (

Annotations:
D:7 Joseph


Innate Abilities, Weirdness & Mutations

You have sharp fingernails.
You sometimes emit foul miasma when damaged in melee.
You regenerate a little health from kills.
Your movements are less encumbered by armour. (ER -4)


Message History

The slime creature quivers.
Two slime creatures merge to form a very large slime creature.
A slime creature comes into view.
The slime creature quivers.
There is an open door here.
There is an open door here.
Throw: 12 boomerangs
Press: ? - help, Q - select action, (/) - cycle Shift-Dir - straight line, f - large slime creature
Aim: a large slime creature (85% to hit)
You throw a boomerang.
The boomerang hits the large slime creature.
The large slime creature is lightly wounded.
Two slime creatures merge to form a very large slime creature.
Throw: 12 boomerangs
Press: ? - help, Q - select action, (/) - cycle Shift-Dir - straight line, f/p - very large slime creature
Aim: a very large slime creature (lightly wounded, 85% to hit)
You throw a boomerang.
The boomerang completely misses the very large slime creature.
Throw: 12 boomerangs
Press: ? - help, Q - select action, (/) - cycle Shift-Dir - straight line, f/p - very large slime creature
Aim: a very large slime creature (lightly wounded, 85% to hit)
You throw a boomerang.
The boomerang hits the very large slime creature!
The very large slime creature is lightly wounded.
You sock the very large slime creature!
The very large slime creature is lightly wounded.
The very large slime creature closely misses you.
Two slime creatures merge to form an enormous slime creature.
You bludgeon the enormous slime creature!!
The enormous slime creature is lightly wounded.
You barely miss the enormous slime creature.
The enormous slime creature is lightly wounded.
You hit the enormous slime creature.
The enormous slime creature is lightly wounded.
The enormous slime creature hits you!!!
Ouch! That really hurt!
The enormous slime creature attacks as you move away!
The enormous slime creature hits you!!!
Ouch! That really hurt!
You die...

#........#
#........#
#........#
#......>.#
#........#
#........#
#........#
#........#
##@#######
#.J###
##...#####
###.....#
#########'##
#......J...#
#..........#
#....J.....+
#..........#


You could see an enormous slime creature.

Vanquished Creatures
  An orc knight (D:11)
  Maurice (D:12)
  3 gargoyles
  An unseen horror (D:10)
  2 trolls
  A hornet (D:8)
  A water elemental (D:11)
  A wraith (D:11)
  Eustachio (D:5)
  8 yaks
  Grum (D:11)
  3 steam dragons
  Menkaure (D:4)
  4 wargs (D:11)
  An acid dragon (D:11)
  4 water moccasins (D:11)
  Duvessa (D:5)
  9 orc warriors
  4 black bears
  2 sky beasts (D:6)
  An ice beast (D:6)
  An ogre (D:6)
  4 centaurs
  3 wolves (D:11)
  A phantom (D:6)
  6 kobold brigands
  7 bullfrogs
  A gnoll sergeant (D:9)
  2 necrophages (D:6)
  3 scorpions
  Dowan (D:5)
  6 killer bees (D:9)
  6 howler monkeys
  A hound (D:3)
  7 orc priests
  2 jellies
  Crazy Yiuf (D:5)
  A gnoll bouda (D:9)
  17 orc wizards
  Ijyb (D:4)
  22 gnolls
  6 adders
  A white imp (D:5)
  2 ufetubi
  A worm (D:2)
  A dart slug (D:2)
  41 orcs
  5 bats
  6 endoplasms
  3 giant cockroaches
  5 goblins
  4 hobgoblins
  6 jackals
  3 quokkas
  2 ball pythons
  A frilled lizard (D:3)
  26 kobolds
  4 rats
261 creatures vanquished.

Vanquished Creatures (others)
  37 fungi (D:11)
  29 plants (D:11)
66 creatures vanquished.

Grand Total: 327 creatures vanquished

Notes
Turn   | Place    | Note
-------+----------+-------------------------------------------
     0 | D:1      | BritishOli the Demonspawn Fighter began the quest for the
                  | Orb.
     0 | D:1      | Reached XP level 1. HP: 18/18 MP: 1/1
   507 | D:1      | Gained mutation: Your movements are slightly less
                  | encumbered by armour. (ER -2) [demonic ancestry]
   507 | D:1      | Reached XP level 2. HP: 24/24 MP: 2/2
   910 | D:2      | Found a faded altar of an unknown god.
   971 | D:2      | Found Wydghan's Magic Scroll Shoppe.
  1149 | D:2      | Reached XP level 3. HP: 29/29 MP: 3/3
  1536 | D:2      | Reached XP level 4. HP: 32/35 MP: 4/4
  2325 | D:3      | Identified the +10 quarterstaff of Prudence {spect, Str+3}
  2549 | D:3      | Gained mutation: Your movements are less encumbered by
                  | armour. (ER -4) [demonic ancestry]
  2549 | D:3      | Reached XP level 5. HP: 41/42 MP: 5/5
  2551 | D:3      | Reached skill level 1 in Staves
  2553 | D:3      | Reached skill level 4 in Fighting
  2928 | D:4      | Noticed Ijyb
  2932 | D:4      | Killed Ijyb
  2941 | D:4      | Gained mutation: You have sharp fingernails. [demonic
                  | ancestry]
  2941 | D:4      | Reached XP level 6. HP: 5/49 MP: 6/6
  3016 | D:4      | Found a burning altar of Makhleb.
  3016 | D:4      | Found a hide-covered altar of Uskayaw.
  3021 | D:4      | Found a bloodstained altar of Trog.
  3024 | D:4      | Became a worshipper of Makhleb the Destroyer
  3031 | D:4      | Found a shimmering blue altar of Sif Muna.
  3036 | D:4      | Found a stormy altar of Qazlal.
  3125 | D:4      | Found a hazy altar of Hepliaklqana.
  3134 | D:4      | Noticed Menkaure
  3140 | D:4      | Killed Menkaure
  3516 | D:5      | Entered Level 5 of the Dungeon
  3541 | D:5      | Identified the +5 trident of Objectivity {speed, rElec}
  3588 | D:5      | Reached skill level 5 in Fighting
  3588 | D:5      | Gained mutation: You regenerate a little health from kills.
                  | [demonic ancestry]
  3588 | D:5      | Reached XP level 7. HP: 53/56 MP: 7/7
  3616 | D:5      | Found Xech's Weapon Emporium.
  3801 | D:5      | Noticed Dowan
  3802 | D:5      | Noticed Duvessa
  3807 | D:5      | Reached * piety under Makhleb
  3816 | D:5      | Killed Duvessa
  3817 | D:5      | Reached skill level 5 in Staves
  3880 | D:5      | Killed Dowan
  4227 | D:5      | Noticed Eustachio
  4233 | D:5      | Killed Eustachio
  4234 | D:5      | Reached skill level 6 in Fighting
  4234 | D:5      | Gained mutation: You may rarely emit foul miasma when
                  | damaged in melee. [demonic ancestry]
  4234 | D:5      | Reached XP level 8. HP: 64/64 MP: 8/8
  4257 | D:5      | Found a runed translucent door.
  4258 | D:5      | Noticed Crazy Yiuf
  4470 | D:5      | Killed Crazy Yiuf
  4564 | D:6      | Identified the ring "Vololoj" {+Blink Str+6}
  4644 | D:6      | Reached skill level 7 in Fighting
  4854 | D:6      | Reached skill level 8 in Fighting
  5082 | D:7      | Learned a level 1 spell: Beastly Appendage
  5083 | D:7      | Reached ** piety under Makhleb
  5105 | D:7      | Noticed Joseph
  5169 | D:6      | Reached XP level 9. HP: 47/75 MP: 9/9
  5390 | D:7      | Reached skill level 9 in Fighting
  5522 | D:7      | Found a staircase to the Ecumenical Temple.
  5531 | Temple   | Entered the Ecumenical Temple
  5751 | D:8      | Reached skill level 5 in Armour
  5924 | D:8      | Reached skill level 10 in Fighting
  6581 | D:9      | Reached *** piety under Makhleb
  6597 | D:9      | Reached skill level 11 in Fighting
  6600 | D:9      | Reached XP level 10. HP: 34/87 MP: 10/10
  6745 | D:9      | Noticed a gargoyle
  6755 | D:9      | Killed a gargoyle
  6846 | D:9      | Found a radiant altar of Vehumet.
  7079 | D:10     | Entered Level 10 of the Dungeon
  7159 | D:10     | Reached skill level 12 in Fighting
  7641 | D:11     | Noticed Grum
  7647 | D:11     | Reached **** piety under Makhleb
  7650 | D:11     | Killed Grum
  7710 | D:11     | Reached skill level 13 in Fighting
  7711 | D:11     | Found a staircase to the Lair.
  7733 | D:11     | Noticed a gargoyle
  7742 | D:11     | Killed a gargoyle
  7746 | D:11     | Gained mutation: You sometimes emit foul miasma when
                  | damaged in melee. [demonic ancestry]
  7746 | D:11     | Reached XP level 11. HP: 98/98 MP: 11/11
  8059 | D:11     | Reached ***** piety under Makhleb
  8097 | D:11     | Found a staircase to the Orcish Mines.
  8097 | D:11     | Noticed an orc knight
  8109 | D:11     | Killed an orc knight
  8402 | D:11     | Reached skill level 14 in Fighting
  8502 | D:12     | Noticed Maurice
  8506 | D:12     | Killed Maurice
  8652 | D:12     | Demolished by an enormous slime creature

Illustrated notes

Levels and vault maps discovered:
D:1:      dpeg_arrival_stonehenge_8_columns, layout_basic, minmay_pentomino_p2
D:2:      layout_basic, serial_shops, nicolae_shop_stone,
          nicolae_ecumenical_pavilion, minivault_4, minmay_split_cup_small
D:3:      layout_basic
D:4:      layout_basic, nzn_hepliaklqana_mist_gate,
          nicolae_overflow_hallway_of_the_gods, uniq_menkaure, uniq_ijyb
D:5:      layout_basic, serial_shops, nicolae_take_the_stairs, minmay_holes,
          uniq_crazy_yiuf_cottage, uniq_eustachio, uniq_duvessa
D:6:      layout_cave_pools
D:7:      layout_cave_pools, minmay_temple_entry_antechambers, uniq_joseph
D:8:      layout_gridville, st_stairs_6
D:9:      layout_rooms, nicolae_vehumet_altar_sigil, minivault_1
D:10:     layout_roguey
D:11:     layout_long_grid, due_lair_maze_entry_diamond, david_orc_5,
          nooodl_orcs_dogs, uniq_grum
D:12:     layout_roguey, uniq_nessos, uniq_maurice
Temple:   eino_narrow_crystal_temple

Skill      XL: |  1  2  3  4  5  6  7  8  9 10 11 |
---------------+----------------------------------+-----
Long Blades    | 2 |  2.7
Armour         | 3 4 6 8 |  8.8
Shields        | 3 |  3.4
Staves         | 2 3 5 6 |  6.0
Fighting       | 4 5 6 8 11 13 14 | 14.2

Action                   |  1- 3 |  4- 6 |  7- 9 | 10-12 || total
-------------------------+-------+-------+-------+-------++-------
Melee: Long sword        |    98 |    39 |       |       ||   137
       Quarterstaff      |       |    48 |   144 |   220 ||   412
Throw: Boomerang         |       |       |       |     3 ||     3
 Cast: Beastly Appendage |       |       |     1 |       ||     1
Evoke: Wand              |       |       |     2 |       ||     2
  Use: Scroll            |       |       |       |     3 ||     3
 Stab: Distracted        |       |       |       |     2 ||     2
Armor: Scale mail        |    62 |    32 |    46 |    47 ||   187
       Plate armour      |       |       |       |    43 ||    43
Dodge: Dodged            |    31 |    46 |   121 |   135 ||   333
Block: Buckler           |    26 |     9 |       |       ||    35

Table legend: (Time is in decaauts)
 A = Elapsed time spent in this place.
 B = Non-inter-level travel time spent in this place.
 C = Inter-level travel time spent in this place.
 D = Time resting spent in this place.
 E = Time spent auto-exploring this place.
 F = Levels seen in this place.
 G = Mean time per level.
                   A        B        C        D        E       F      G
               +--------+--------+--------+--------+--------+-----+--------+
         Total |   8726 |   8374 |    352 |    292 |   6478 |  13 |  671.2 |
       Dungeon |   8536 |   8197 |    339 |    292 |   6307 |  12 |  711.3 |
        Temple |    190 |    177 |     13 |      0 |    171 |   1 |  190.0 |
               +--------+--------+--------+--------+--------+-----+--------+

Top non-repeatable levels by time:
     D:5: 1005 daAuts
     D:2: 973 daAuts
     D:4: 954 daAuts
     D:1: 920 daAuts
    D:11: 840 daAuts
     D:3: 755 daAuts
     D:8: 722 daAuts
     D:6: 715 daAuts
     D:9: 615 daAuts
    D:10: 556 daAuts
     D:7: 299 daAuts
  Temple: 190 daAuts
    D:12: 177 daAuts
